 Dungeon Crawl Stone Soup version 0.31-a0-204-g7da18cac08 (webtiles) character file.

Game seed: 4886349709142183940

136 qw the Skirmisher (level 4, -18/25 HPs)
             Began as a Deep Elf Hunter on June 27, 2023.
             Demolished by an ogre
             ... wielding a +0 giant club
              (27 damage)
             ... on level 4 of the Dungeon.
             The game lasted 00:01:04 (2696 turns).

qw the Skirmisher (Deep Elf Hunter)                 Turns: 2696, Time: 00:01:04

Health: -18/25     AC:  6    Str: 10    XL:     4   Next: 98%
Magic:  6/6        EV:  9    Int: 14    God:
Gold:   190        SH:  0    Dex: 18    Spells: 3/3 levels left

rFire   + . .        Y - +0 shortbow
rCold   . . .        (shield currently unavailable)
rNeg    + . .        b - +0 scale mail {rF+}
rPois   .            (no helmet)
rElec   .            (no cloak)
rCorr   .            (no gloves)
SInv    .            (no boots)
Will    .....        (no amulet)
Stlth   +            c - ring of positive energy
HPRegen 0.24/turn    (no ring)
MPRegen 0.10/turn

%: no passive effects
@: no status effects
A: no striking features
a: no special abilities


You were on level 4 of the Dungeon.
You visited 1 branch of the dungeon, and saw 4 of its levels.

You collected 190 gold pieces.


   Skills:
 - Level 1.5 Fighting
 + Level 8.4 Ranged Weapons
 - Level 2.4 Dodging
 - Level 1.2 Stealth


You had 3 spell levels left.
You didn't know any spells.
Your spell library was empty.

Inventory:

Hand Weapons
 Y - a +0 shortbow (weapon)
Armour
 b - a +0 scale mail of fire resistance (worn)
 i - a +1 ring mail
Jewellery
 c - a ring of positive energy (left hand)
Wands
 h - a wand of digging (6)
Scrolls
 e - a scroll of identify
Potions
 a - a potion of might {unknown}
 d - a potion of lignification {unknown}
 f - a potion of degeneration {unknown}
 g - a potion of enlightenment {unknown}
 j - a potion of resistance {unknown}

Dungeon Overview and Level Annotations

Branches:
Dungeon (4/15)
 Temple: D:4-7

Altars:
Qazlal
Xom

Shops:
D:3 [(=::

Annotations:
D:3 1 runed translucent door, qw's ghost, amateur DEHu


Message History

The adder poisons you!
You shoot an arrow. The arrow hits the adder.
You kill the adder!
You feel sick.
You start resting.
You feel sick. x5
You are no longer poisoned.
HP restored.
Found 7 stones.
Enter note:
Enter note: You now have 190 gold pieces (gained 5).
You see here 7 stones.
j - an emerald potion
Enter note:
Enter note:
Found a stone staircase leading down.
Enter note:
Enter note:
Found a stone staircase leading down.
Enter note:
Enter note:
There is a stone staircase leading down here.
An ogre comes into view. It is wielding a +0 giant club.
The ogre shouts!
Enter note:
Enter note: You shoot an arrow.
The arrow hits the ogre!
The ogre is moderately wounded.
You shoot an arrow. The arrow barely misses the ogre.
You shoot an arrow. The arrow closely misses the ogre.
You shoot an arrow. The arrow barely misses the ogre.
You shoot an arrow. The arrow barely misses the ogre.
The ogre hits you with a +0 giant club!
Ouch! That really hurt!
You shoot an arrow. The arrow hits the ogre.
The ogre is heavily wounded.
The ogre hits you with a +0 giant club!!
Ouch! That really hurt!
You die...

#......# ... #......# #.#
#......# ##.###......#
#...........# #.#........)#
#.#.........# #########
###.##....)...### # #.......#
#.@O...........<# ###.#####.#
#.#.#.....)#..#.#
.##.......#####.#.#.###.....#.#.
#.#.##.....>....#...# #..#......
.##.##.##.####..###.###.<...#.##
.(.....##.####..###...........#
###.......#.........####.######
#.#####.#.##.##%### ...
#..>....#.#...#.# ...


You could see an ogre.

Vanquished Creatures
  4 adders
  2 worms (D:3)
  A dart slug (D:1)
  An orc (D:3)
  9 ball pythons
  5 endoplasms
  16 giant cockroaches
  4 goblins
  4 hobgoblins
  7 jackals
  11 kobolds
  3 quokkas
  4 bats
  4 frilled lizards
  9 rats
84 creatures vanquished.

Notes
Turn   | Place    | Note
-------+----------+-------------------------------------------
     0 | D:1      | qw the Deep Elf Hunter began the quest for the Orb.
     0 | D:1      | Reached XP level 1. HP: 12/12 MP: 3/3
     0 | D:1      | 0 ||| qw: Version: 0.3-a-22-g0ed2b0b
     0 | D:1      | 0 ||| qw: Game counter: 6420
     0 | D:1      | 0 ||| qw: Melee chars always use a shield: true
     0 | D:1      | 0 ||| qw: God list: Okawaru
     0 | D:1      | 0 ||| qw: Allow faded altars: false
     0 | D:1      | 0 ||| qw: Do Orc after clearing Dungeon:15 true
     0 | D:1      | 0 ||| qw: Do second Lair branch before Depths: true
     0 | D:1      | 0 ||| qw: Lair rune preference: random
     0 | D:1      | 0 ||| qw: Goals: Normal
     0 | D:1      | 0 ||| PLANNING D:1-11
   145 | D:1      | Reached XP level 2. HP: 16/16 MP: 4/4
   146 | D:1      | Reached skill level 6 in Ranged Weapons
   229 | D:1      | 229 ||| Stepping ~*~*~tactically~*~*~ (outnumbered).
   231 | D:1      | 231 ||| Stepping ~*~*~tactically~*~*~ (outnumbered).
   242 | D:1      | HP: 4/16 [kobold/+3 short sword (2)]
   245 | D:1      | HP: 1/16 [kobold/+0 dagger (3)]
   271 | D:1      | 271 ||| FLEEEEING.
   309 | D:1      | 309 ||| FLEEEEING.
   458 | D:1      | Reached XP level 3. HP: 20/20 MP: 5/5
   651 | D:1      | 651 ||| UPGRADING to +0 ring mail.
   661 | D:1      | 661 ||| DROPPING +0 leather armour.
   662 | D:1      | 662 ||| READING scroll labelled ZIZUAH ROCKEEZ.
   663 | D:1      | 663 ||| READING scroll labelled COVEHO NOIK.
   664 | D:1      | 664 ||| READING 2 scrolls labelled INWOON TOTETEA.
   665 | D:1      | 665 ||| DROPPING scroll of butterflies.
   666 | D:1      | 666 ||| DROPPING scroll of amnesia.
   952 | D:2      | Reached skill level 7 in Ranged Weapons
  1057 | D:2      | Reached XP level 4. HP: 25/25 MP: 6/6
  1421 | D:2      | 1421 ||| READING 2 scrolls labelled ILIOL OSAI.
  1422 | D:2      | 1422 ||| READING scroll of enchant armour.
  1422 | D:2      | 1422 ||| ENCHANTING +0 ring mail.
  1423 | D:2      | 1423 ||| READING scroll labelled KUMIVV RANTAI.
  1424 | D:2      | 1424 ||| READING scroll labelled XOITOIGUNK.
  1425 | D:2      | 1425 ||| DRINKING 2 blue potions.
  1426 | D:2      | 1426 ||| DRINKING 2 grey potions.
  1427 | D:2      | 1427 ||| DROPPING potion of attraction.
  1428 | D:2      | 1428 ||| DROPPING potion of invisibility.
  1500 | D:3      | Found Iggeptab's Book Shop.
  1662 | D:3      | Found Xelod's Book Emporium.
  1702 | D:3      | Found a shimmering altar of Xom.
  1711 | D:3      | Found a shimmering altar of Xom.
  1729 | D:3      | Reached skill level 8 in Ranged Weapons
  1767 | D:3      | Found a runed translucent door.
  1767 | D:3      | Noticed qw's ghost (amateur DEHu)
  1932 | D:3      | Found Neetor Dana's Jewellery Emporium.
  1942 | D:3      | 1942 ||| SHOPLISTING +4 ring of protection (432 gold, have
                  | 158).
  1942 | D:3      | 1942 ||| SHOPLISTING +5 ring of evasion (432 gold, have
                  | 158).
  1942 | D:3      | 1942 ||| SHOPLISTING amulet of faith (480 gold, have 158).
  1942 | D:3      | 1942 ||| SHOPLISTING ring of fire (300 gold, have 158).
  1942 | D:3      | 1942 ||| SHOPLISTING ring of poison resistance (240 gold,
                  | have 158).
  2137 | D:3      | Found Biostess's Antique Weapon Shop.
  2147 | D:3      | Found Duitwug's Antique Armour Emporium.
  2450 | D:3      | 2450 ||| DROPPING +3 leather armour.
  2451 | D:3      | 2451 ||| UPGRADING to ring of positive energy.
  2452 | D:3      | 2452 ||| READING scroll labelled SIT OBRYADEHIASI.
  2452 | D:3      | Identified a scroll of acquirement
  2452 | D:3      | 2452 ||| ACQUIRING +0 scale mail of fire resistance
  2452 | D:3      | Acquired a +0 scale mail of fire resistance
  2454 | D:3      | 2454 ||| UPGRADING to +0 scale mail of fire resistance.
  2528 | D:4      | Found a stormy altar of Qazlal.
  2690 | D:4      | Noticed an ogre
  2696 | D:4      | Demolished by an ogre

Levels and vault maps discovered:
D:1:      co_arrival_random_square_maze, layout_rooms, lexackson_kobold_supper
D:2:      minmay_roachtagon, layout_basic, grunt_decor_fettered,
          minmay_gold_behind_fungi
D:3:      layout_loops_corners, xom_redecorated, serial_shops, shop, shop,
          nicolae_book_shop_shelving, shop, nicolae_shop_hallway_plus,
          gammafunk_ghost_grave, serial_bayou_pond_d, minmay_close_crescents
D:4:      layout_loops_cross, nicolae_qazlal_general_emergency,
          okawaru_altar_gauntlet_db

Skill      XL: |  1  2  3  4 |
---------------+-------------+-----
Ranged Weapons | 6 7 8 |  8.4
Fighting       | |  1.5
Dodging        | |  2.4
Stealth        | |  1.2

Action                     |  1- 3 |  4- 6 || total
---------------------------+-------+-------++-------
   Fire: Shortbow          |   133 |    77 ||   210
    Use: Scroll            |     3 |     5 ||     8
         Potion            |       |     2 ||     2
 Armour: Leather armour    |     6 |       ||     6
         Ring mail         |     6 |     4 ||    10
         Scale mail        |       |     2 ||     2
  Dodge: Dodged            |    23 |    12 ||    35

Table legend:
 A = Non-vault XP
 B = Vault XP
 C = Vault XP percentage of total XP
 D = Non-vault monster count
 E = Vault monster count
 F = Vault count percentage of total count
                 A         B        C        D         E       F
            +---------+---------+-------+---------+---------+-------
      Total |     152 |      43 |  22.1 |      59 |      25 |  29.8
            +---------+---------+-------+---------+---------+-------
        D:1 |      44 |      10 |  18.5 |      25 |       8 |  24.2
        D:2 |      38 |      26 |  40.6 |      17 |      13 |  43.3
        D:3 |      50 |       7 |  12.3 |      12 |       4 |  25.0
        D:4 |      20 |       0 |   0.0 |       5 |       0 |   0.0
            +---------+---------+-------+---------+---------+-------
